 Dungeon Crawl Stone Soup version 0.27.0-1-g7a089689b8 (webtiles) character file.

Game seed: 14766451546180985197

28 snetch the Skirmisher (level 2, 0/28 HPs)
             Began as a Deep Dwarf Abyssal Knight on Aug 6, 2021.
             Was a Follower of Lugonu.
             Slain by a worm (9 damage)
             ... on level 2 of the Dungeon.
             The game lasted 00:04:15 (1594 turns).

snetch the Skirmisher (Deep Dwarf Abyssal Knight)   Turns: 1594, Time: 00:04:16

Health: 0/28       AC:  3    Str: 15    XL:     2   Next: 96%
Magic:  4/4        EV: 11    Int: 12    God:    Lugonu [*.....]
Gold:   50         SH:  0    Dex: 12    Spells: 1/1 levels left

rFire    . . .     SeeInvis .   a - +1 hand axe
rCold    . . .     Faith    .   (no shield)
rNeg     . . .     Spirit   .   e - +1 robe {Archmagi}
rPois    .         Reflect  .   (no helmet)
rElec    .         Harm     .   (no cloak)
rCorr    .         Rampage  .   (no gloves)
Will     .....     Archmagi +   (no boots)
Stlth    +.........             (no amulet)
HPRegen  0.00/turn              (no ring)
MPRegen  0.09/turn              (no ring)

@: no status effects
A: damage resistance, heal wounds, sense surroundings 1, no regeneration
a: Heal Wounds, Renounce Religion, Depart the Abyss


You were on level 2 of the Dungeon.
You worshipped Lugonu.
Lugonu was aware of your devotion.
You visited 1 branch of the dungeon, and saw 3 of its levels.
You visited the Abyss 1 time.

You collected 50 gold pieces.

Inventory:

Hand Weapons
 a - a +1 hand axe (weapon)
Missiles
 d - 5 stones (quivered)
 i - 25 bolts
Armour
 b - a +0 leather armour
 e - a +1 robe of the Archmagi (worn)
Scrolls
 c - a scroll of immolation {unknown}
 f - a scroll of silence {unknown}
 g - a scroll of amnesia {unknown}
 h - a scroll of holy word {unknown}
 j - a scroll of blinking {unknown}


   Skills:
 + Level 3.2 Fighting
 + Level 2.5 Axes
 + Level 2.5 Armour
 + Level 1.2 Dodging
 + Level 0.5 Stealth
 + Level 2.6 Invocations


You had one spell level left.
You didn't know any spells.
Your spell library contained the following spells:

 Spells                   Type           Power      Damage    Failure   Level
 Animate Skeleton         Necr           0%         N/A       32%         1
 Corona                   Hex            0%         N/A       32%         1
 Pain                     Necr           0%         1d4       32%         1
 Ensorcelled Hibernation  Hex/Ice        0%         N/A       45%         2
 Tukima's Dance           Hex            0%         N/A       69%         3
 Vampiric Draining        Necr           0%         2d6       69%         3


Dungeon Overview and Level Annotations

Branches:
Dungeon (3/15)

Altars:


Innate Abilities, Weirdness & Mutations

You are resistant to damage.
You can heal yourself by infusing magical energy.
You passively map a small area around you.
You do not regenerate.


Message History

Throw: 10 stones
Press: ? - help, Q - select action, (/) - cycle Shift-Dir - straight line, f/p - worm
Aim: a worm (77% to hit)
You throw a stone. The stone hits the worm.
The worm is lightly wounded.
Throw: 9 stones
Press: ? - help, Q - select action, (/) - cycle Shift-Dir - straight line, f/p - worm
Aim: a worm (lightly wounded, 77% to hit)
You throw a stone. The stone hits the worm.
The worm is lightly wounded.
Okay, then.
You are too injured to fight recklessly!
Throw: 8 stones
Press: ? - help, Q - select action, (/) - cycle Shift-Dir - straight line, f/p - worm
Aim: a worm (lightly wounded, 77% to hit)
You throw a stone. The stone hits the worm.
The worm is moderately wounded.
You see here 2 stones.
You see here a stone.
You see here 2 stones.
Throw: 7 stones
Press: ? - help, Q - select action, (/) - cycle Shift-Dir - straight line, f/p - worm
Aim: a worm (77% to hit)
You throw a stone. The stone hits the worm.
The worm is lightly wounded.
Throw: 6 stones
Press: ? - help, Q - select action, (/) - cycle Shift-Dir - straight line, f/p - worm
Aim: a worm (lightly wounded, 77% to hit)
You throw a stone.
The stone hits the worm but does no damage.
The worm is lightly wounded.
You hit the worm.
The worm is moderately wounded.
You hit the worm.
The worm is moderately wounded.
The worm barely misses you.
You hit the worm.
The worm is heavily wounded.
The worm bites you!
You die...

#.##.##....# * *
#.##.##....########.# ***
#.##.##....(..((.(...
#.##.##...(########.# *
#.##.##....# #.########
#.##.##....########.#.......
#.##....(...((†..##.#..##...
##.#####....#####.##.#.......
#.......>...@w(((............
########..........##.#...#.#.
#############.#...#.#+ , ,
.........#....<.. ,
##########...#... , * ,
#...#..÷ ** * ##.##... ,
#...... * ,, * ####...


You could see a worm.

Vanquished Creatures
  2 endoplasms
  2 giant cockroaches (D:1)
  A goblin (D:1)
  3 hobgoblins (D:1)
  2 jackals (D:2)
  2 quokkas
  6 bats
  4 kobolds (D:1)
  2 rats
24 creatures vanquished.

Notes
Turn   | Place    | Note
-------+----------+-------------------------------------------
     0 | Abyss:1  | snetch the Deep Dwarf Abyssal Knight began the quest for
                  | the Orb.
     0 | Abyss:1  | Reached XP level 1. HP: 20/20 MP: 2/2
     7 | Abyss:1  | Found a corrupted altar of Lugonu.
    50 | Abyss:1  | Noticed a purple draconian
    50 | Abyss:1  | Noticed a chaos spawn
    51 | D:1      | Escaped the Abyss
   180 | D:1      | Reached * piety under Lugonu
   282 | D:1      | Reached skill level 3 in Fighting
   337 | D:1      | Reached XP level 2. HP: 23/28 MP: 4/4
   395 | D:1      | Found a faded altar of an unknown god.
  1594 | D:2      | Slain by a worm

Illustrated notes

Levels and vault maps discovered:
D:1:      dpeg_arrival_rooms_b, layout_basic, ebering_ecumenical_altar_rust,
          minmay_misc_feat_tower
D:2:      layout_basic
D:3:      layout_rooms, minmay_fractal_squares_diagonal_5

Skill      XL: |  1 |
---------------+----+-----
Fighting       | 3 |  3.2
Axes           | |  2.5
Armour         | |  2.5
Dodging        | |  1.2
Stealth        | |  0.5
Invocations    | |  2.6

Action                   || total
-------------------------++-------
Melee: Hand axe          ||    72
Throw: Stone             ||    24
Invok: Depart the Abyss  ||     1
Armor: Leather armour    ||     8
       Robe              ||    24
Dodge: Dodged            ||    50
